 Dungeon Crawl Stone Soup version 0.27.1-4-g1640c2035a (webtiles) character file.

Game seed: 40884031568922490

709 SmokeWeed the Skirmisher (level 7, -2/60 HPs)
             Began as a Gnoll Wanderer on Nov 10, 2021.
             Was an Initiate of Okawaru.
             Succumbed to a killer bee's poison
             ... on level 5 of the Dungeon.
             The game lasted 00:12:21 (5265 turns).

SmokeWeed the Skirmisher (Gnoll Wanderer)           Turns: 5265, Time: 00:12:21

Health: -2/60      AC: 13    Str: 14    XL:     7   Next: 68%
Magic:  19/19      EV:  2    Int: 14    God:    Okawaru [......]
Gold:   177        SH:  8    Dex: 11    Spells: 11/11 levels left

rFire    . . .     SeeInvis .   z - +4 flail (protect)
rCold    . . .     Faith    .   d - +0 kite shield
rNeg     + . .     Spirit   .   j - +0 plate armour
rPois    .         Reflect  .   k - +1 helmet {Int+3}
rElec    .         Harm     .   (no cloak)
rCorr    .         Rampage  .   (no gloves)
Will     .....                  (no boots)
Stlth    ..........             n - amulet of magic regeneration
HPRegen  0.20/turn              h - ring of magical power
MPRegen  0.41/turn              y - ring of positive energy

@: lethally poisoned (-2 -> -18)
A: fangs 1, strong nose, distributed training
a: Renounce Religion


You were on level 5 of the Dungeon.
You worshipped Okawaru.
Okawaru was noncommittal.
You visited 2 branches of the dungeon, and saw 6 of its levels.

You collected 177 gold pieces.

Inventory:

Hand Weapons
 a - a +2 shortbow
 t - a +0 whip of venom
 z - a +4 flail of protection (weapon)
Missiles
 b - 53 arrows
 s - 4 poisoned darts
 v - 3 boomerangs (quivered)
Armour
 d - a +0 kite shield (worn)
 e - a +0 robe
 j - a +0 plate armour (worn)
 k - a +1 helmet of intelligence (worn)
 r - a +0 robe of willpower
Jewellery
 h - a ring of magical power (left hand)
 m - a ring of fire
 n - an amulet of magic regeneration (around neck)
 y - a ring of positive energy (right hand)
Wands
 A - a wand of flame (16)
 B - a wand of digging (4)
Scrolls
 c - 2 scrolls of teleportation
Potions
 g - a potion of magic
 l - 2 potions of flight
 u - 2 potions of degeneration {unknown}
 w - a potion of mutation {unknown}
 x - 2 potions of brilliance {unknown}


   Skills:
 + Level 7.1 Fighting
 + Level 2.6 Short Blades
 + Level 2.6 Long Blades
 + Level 2.6 Axes
 + Level 2.6 Maces & Flails
 + Level 2.6 Polearms
 + Level 2.6 Staves
 + Level 2.6 Slings
 + Level 5.3 Bows
 + Level 2.6 Crossbows
 + Level 2.6 Throwing
 + Level 3.7 Armour
 + Level 3.7 Dodging
 + Level 5.0 Stealth
 + Level 3.7 Shields
 + Level 2.6 Unarmed Combat
 + Level 2.6 Spellcasting
 + Level 2.1 Conjurations
 + Level 2.1 Hexes
 + Level 2.1 Summonings
 + Level 2.1 Necromancy
 + Level 2.1 Translocations
 + Level 2.1 Transmutations
 + Level 2.1 Fire Magic
 + Level 2.1 Ice Magic
 + Level 2.1 Air Magic
 + Level 2.1 Earth Magic
 + Level 2.1 Poison Magic
 + Level 2.9 Invocations
 + Level 2.6 Evocations


You had 11 spell levels left.
You didn't know any spells.
Your spell library contained the following spells:

 Spells                   Type           Power      Damage    Failure   Level
 Stone Arrow              Conj/Erth      14%        3d7       100%        3
 Bolt of Magma            Conj/Fire/Erth 3%         4d5       100%        5
 Shatter                  Erth           3%         3d7*      100%        9


Dungeon Overview and Level Annotations

Branches:
Dungeon (5/15)             Temple (1/1) D:4

Altars:
Fedhas
Gozag
Okawaru
Qazlal
Ru
Vehumet
Xom

Shops:
D:4 (


Innate Abilities, Weirdness & Mutations

You have very sharp teeth.
Your uncanny sense of smell can sniff out nearby items.
Your experience applies equally to all skills.


Message History

The killer bee stings you but does no damage.
You feel sick.
The killer bee stings you but does no damage.
You feel sick.
An orc wizard comes into view. It is wielding a +0 dagger.
The killer bee stings you but does no damage.
You feel sick.
The orc wizard shouts!
You hear a shout!
The killer bee stings you but does no damage.
The orc wizard points at you and mumbles some strange words.
The puff of flame hits you.
* * * LOW HITPOINT WARNING * * *
You feel sick. You block the killer bee's attack.
The orc wizard gestures at you while chanting.
You are confused.
You hear a shout!
You're too confused to move!
You feel sick. The killer bee stings you.
* * * LOW HITPOINT WARNING * * *
The killer bee stings you but does no damage.
The orc wizard gestures at you while chanting.
The puff of flame hits you but does no damage.
You bump into the rock wall.
You feel sick.
You are no longer poisoned.
The killer bee stings you but does no damage.
An orc comes into view. It is wielding a +0 whip.
The killer bee completely misses you.
The killer bee stings you but does no damage.
The killer bee stings you.
* * * LOW HITPOINT WARNING * * *
You are lethally poisoned!
The killer bee poisons you!
You feel less confused.
* * * LOW HITPOINT WARNING * * *
You feel very sick. The killer bee stings you.
* * * LOW HITPOINT WARNING * * *
You are more poisoned.
The killer bee poisons you!
Unknown command.
You die...

#######
[......########
#....†...#
#.....#.#####.#
.###. ##.####.#
.J ##.y...# ##
#.@###o# #.#.#
#.# #.##.# #.#
#. #.# #o# #
#..∆..o ### #..
##


You could see a killer bee.

Vanquished Creatures
  Edmund (D:4)
  A sky beast (D:4)
  An ice beast (D:3)
  A scorpion (D:4)
  A water moccasin skeleton (D:4)
  A killer bee (D:5)
  2 orc priests
  An orc wizard (D:4)
  An iguana (D:3)
  5 adders
  4 worms
  10 orcs
  5 ball pythons
  10 endoplasms
  3 giant cockroaches
  8 goblins
  3 hobgoblins
  8 kobolds
  5 quokkas
  3 bats
  8 frilled lizards
  10 rats
92 creatures vanquished.

Notes
Turn   | Place    | Note
-------+----------+-------------------------------------------
     0 | D:1      | SmokeWeed the Gnoll Wanderer began the quest for the Orb.
     0 | D:1      | SmokeWeed set off with the following items: a +2 shortbow,
                  | 21 arrows, a scroll of teleportation, a +0 kite shield, a
                  | +0 robe, a +0 dagger
     0 | D:1      | Reached XP level 1. HP: 23/23 MP: 1/1
   258 | D:1      | Reached XP level 2. HP: 29/29 MP: 2/2
   977 | D:1      | Reached XP level 3. HP: 26/35 MP: 3/3
  1643 | D:2      | Reached skill level 1 in Invocations
  2018 | D:2      | Found a faded altar of an unknown god.
  2104 | D:2      | Reached skill level 1 in Short Blades
  2104 | D:2      | Reached skill level 1 in Long Blades
  2104 | D:2      | Reached skill level 1 in Axes
  2104 | D:2      | Reached skill level 1 in Maces & Flails
  2104 | D:2      | Reached skill level 1 in Polearms
  2104 | D:2      | Reached skill level 1 in Staves
  2104 | D:2      | Reached skill level 1 in Slings
  2104 | D:2      | Reached skill level 1 in Crossbows
  2104 | D:2      | Reached skill level 1 in Throwing
  2104 | D:2      | Reached skill level 1 in Unarmed Combat
  2104 | D:2      | Reached skill level 1 in Spellcasting
  2104 | D:2      | Reached skill level 1 in Evocations
  2209 | D:2      | Reached XP level 4. HP: 38/41 MP: 5/5
  2807 | D:3      | Noticed an ice beast
  2875 | D:3      | Killed an ice beast
  2876 | D:3      | Reached skill level 1 in Conjurations
  2876 | D:3      | Reached skill level 1 in Hexes
  2876 | D:3      | Reached skill level 1 in Summonings
  2876 | D:3      | Reached skill level 1 in Necromancy
  2876 | D:3      | Reached skill level 1 in Translocations
  2876 | D:3      | Reached skill level 1 in Transmutations
  2876 | D:3      | Reached skill level 1 in Fire Magic
  2876 | D:3      | Reached skill level 1 in Ice Magic
  2876 | D:3      | Reached skill level 1 in Air Magic
  2876 | D:3      | Reached skill level 1 in Earth Magic
  2876 | D:3      | Reached skill level 1 in Poison Magic
  2876 | D:3      | Reached XP level 5. HP: 28/47 MP: 7/7
  3306 | D:3      | Reached XP level 6. HP: 45/53 MP: 8/8
  3801 | D:4      | Noticed a sky beast
  3832 | D:4      | Killed a sky beast
  3833 | D:4      | Reached skill level 5 in Bows
  4026 | D:4      | Found Qixu's Antique Weapon Shoppe.
  4070 | D:4      | Reached XP level 7. HP: 33/59 MP: 10/10
  4227 | D:4      | Found a staircase to the Ecumenical Temple.
  4259 | Temple   | Entered the Ecumenical Temple
  4284 | Temple   | Became a worshipper of Warmaster Okawaru
  4361 | D:4      | Reached skill level 7 in Fighting
  4742 | D:4      | Noticed Edmund
  4760 | D:4      | Killed Edmund
  5221 | D:5      | Entered Level 5 of the Dungeon
  5239 | D:5      | Reached skill level 5 in Stealth
  5264 | D:5      | HP: 2/60 [poisoned by a killer bee]
  5265 | D:5      | Succumbed to a killer bee's poison

Illustrated notes

Levels and vault maps discovered:
D:1:      minmay_arrival_diagonal_passages, layout_loops_corners
D:2:      layout_loops_cross, ebering_ecumenical_altar_rust,
          chequers_serial_rivers_small_a, minivault_27
D:3:      layout_basic
D:4:      layout_rooms, minmay_temple_entry_statues_fountains, serial_shops,
          nicolae_stop_n_shop_1, uniq_edmund, uniq_crazy_yiuf_cottage
D:5:      layout_loops_ring, good_gods_temple_1, old_standard_altar,
          gammafunk_ghost_hive
Temple:   eino_wide_crystal_templ

Skill      XL: |  1  2  3  4  5  6  7 |
---------------+----------------------+-----
Invocations    | 1 2 |  2.9
Short Blades   | 1 2 |  2.6
Long Blades    | 1 2 |  2.6
Axes           | 1 2 |  2.6
Maces & Flails | 1 2 |  2.6
Polearms       | 1 2 |  2.6
Staves         | 1 2 |  2.6
Slings         | 1 2 |  2.6
Crossbows      | 1 2 |  2.6
Throwing       | 1 2 |  2.6
Unarmed Combat | 1 2 |  2.6
Spellcasting   | 1 2 |  2.6
Evocations     | 1 2 |  2.6
Armour         | 3 |  3.7
Dodging        | 3 |  3.7
Shields        | 3 |  3.7
Conjurations   | 1 2 |  2.1
Hexes          | 1 2 |  2.1
Summonings     | 1 2 |  2.1
Necromancy     | 1 2 |  2.1
Translocations | 1 2 |  2.1
Transmutations | 1 2 |  2.1
Fire Magic     | 1 2 |  2.1
Ice Magic      | 1 2 |  2.1
Air Magic      | 1 2 |  2.1
Earth Magic    | 1 2 |  2.1
Poison Magic   | 1 2 |  2.1
Bows           | 5 |  5.3
Fighting       | 7 |  7.1
Stealth        | 5 |  5.0

Action                   |  1- 3 |  4- 6 |  7- 9 || total
-------------------------+-------+-------+-------++-------
Melee: Dagger            |    81 |       |       ||    81
       Bite              |    13 |    12 |     8 ||    33
       Spear             |    35 |       |       ||    35
       Quarterstaff      |    22 |    62 |       ||    84
       Whip              |       |    52 |    50 ||   102
       Flail             |       |       |    12 ||    12
       Punch             |       |       |     1 ||     1
 Fire: Shortbow          |    27 |    62 |       ||    89
Throw: Boomerang         |       |       |    16 ||    16
  Use: Scroll            |     2 |       |     5 ||     7
       Potion            |       |     5 |     1 ||     6
Armor: Plate armour      |    86 |   116 |    63 ||   265
       Robe              |     4 |       |       ||     4
       Skin              |       |    14 |       ||    14
Dodge: Dodged            |    33 |    43 |    17 ||    93
Block: Kite shield       |       |       |    11 ||    11
